 Dungeon Crawl Stone Soup version 0.25-a0-1130-g3926558f3a (webtiles) character file.

Game seed: 1193632341208064109, levelgen mode: classic

45 Amnesiac the Digger (level 3, 0/24 HPs)
             Began as a Vine Stalker Earth Elementalist on May 20, 2020.
             Succumbed to an adder's poison
             ... on level 2 of the Dungeon.
             The game lasted 00:02:53 (1126 turns).

Amnesiac the Digger (VSEE)                          Turns: 1126, Time: 00:02:54

Health: 0/24       AC: 21    Str: 11    XL:     3   Next: 64%
Magic:  1/8        EV:  2    Int: 15    God:
Gold:   81         SH:  0    Dex: 14    Spells: 5/8 levels left

rFire    + . .     SeeInvis .   a - +0 dagger
rCold    x . .     Gourm    .   (no shield)
rNeg     + + +     Faith    .   (armour currently unavailable)
rPois    +         Spirit   +   (helmet currently unavailable)
rElec    .         Reflect  .   (cloak currently unavailable)
rCorr    .         Harm     .   (gloves currently unavailable)
MR       .....     NoTele   +   (boots currently unavailable)
Stlth    ++........             (no amulet)
HPRegen  0.08/turn              g - ring of fire
MPRegen  0.11/turn              (no ring)

@: brilliant, lethally poisoned (0 -> -4), tree-form
A: magic shield, no potion heal 3, rot immunity
a: no special abilities


You were on level 2 of the Dungeon.
You were not hungry.
You were a tree.
You visited 1 branch of the dungeon, and saw 3 of its levels.

You collected 81 gold pieces.

Inventory:

Hand Weapons
 a - a +0 dagger (weapon)
Missiles
 b - 77 stones (quivered)
Armour
 c - a +0 robe (melded)
 f - a +0 tower shield
 j - a +0 pair of gloves
Jewellery
 g - a ring of fire (left branch)
Scrolls
 e - a scroll of teleportation {!r, unknown}
 i - a scroll of magic mapping {!r, unknown}
 k - a scroll of remove curse {!r, unknown}
 m - 2 scrolls of identify {!r, unknown}
Comestibles
 d - 5 rations
 h - 3 chunks of flesh


   Skills:
 * Level 1.1 Short Blades
 - Level 1.5 Dodging
 - Level 3.0 Stealth
 - Level 3.0 Spellcasting
 + Level 1.9 Transmutations
 - Level 3.0 Earth Magic


You had 5 spell levels left.
You knew the following spells:

 Your Spells              Type           Power        Failure   Level  Hunger
a - Sandblast             Erth           ###...       6%          1    None
b - Passwall              Tmut/Erth      ##......     11%         2    None

Your spell library contained the following spells:

 Spells                   Type           Power        Failure   Level  Hunger
 Stone Arrow              Conj/Erth      ##....       32%         3    None
 Petrify                  Tmut/Erth      ##......     58%         4    None
 Lee's Rapid Deconstruct  Erth           ###.......   85%         5    None


Dungeon Overview and Level Annotations

Branches:
Dungeon (3/15)

Altars:


Innate Abilities, Weirdness & Mutations

((You have extremely sharp teeth.))
When hurt, damage is shared between your health and your magic reserves.
((Your bite disrupts and absorbs the magic of your enemies.))
Potions cannot restore your health.
You are immune to rotting.


Message History

You see here a quokka corpse.
The adder hisses angrily.
You hear a bark!
The jackal barks!
The adder bites you.
You are poisoned.
The adder poisons you!
You hear a bark! x2
There is a stone staircase leading up here.
You feel sick. The adder barely misses you.
You climb upwards.
There is a stone staircase leading down here.
Casting: Sandblast (safe; 6% risk of failure)
Confirm with . or Enter, or press ? or * to list all spells.
Aiming: Sandblast (safe; 6% risk of failure)
Press: ? - help, Shift-Dir - straight line, f - adder
Aim: an adder The blast of sand misses the adder.
b - 79 stones The adder bites you.
* * * LOW HITPOINT WARNING * * *
You are lethally poisoned!
The adder poisons you!
Unknown command.
Casting: Sandblast (safe; 6% risk of failure)
Confirm with . or Enter, or press ? or * to list all spells.
Aiming: Sandblast (safe; 6% risk of failure)
Press: ? - help, Shift-Dir - straight line, f/p - adder
Aim: an adder The blast of sand hits the adder.
The adder is heavily wounded.
b - 78 stones
* * * LOW HITPOINT WARNING * * *
You feel sick. The adder bites you.
* * * LOW HITPOINT WARNING * * *
Unknown command.
Casting: Sandblast (safe; 6% risk of failure)
Confirm with . or Enter, or press ? or * to list all spells.
Aiming: Sandblast (safe; 6% risk of failure)
Press: ? - help, Shift-Dir - straight line, f/p - adder
Aim: an adder (heavily wounded)
The blast of sand hits the adder!
You kill the adder!
Your Short Blades skill increases to level 1!
b - 77 stones
* * * LOW HITPOINT WARNING * * *
You feel sick.
Unknown command.
Unknown command.
Really quaff
l - a puce potion {!q}?
It was a potion of lignification {!q}.
You turn into a tree.
Your roots penetrate the ground.
Really quaff
o - a coppery potion {!q}?
It was a potion of brilliance {!q}.
You feel clever all of a sudden.
* * * LOW HITPOINT WARNING * * *
You feel sick.
There is a lethal amount of poison in your body!
You cannot move.
There is a lethal amount of poison in your body!
Unknown command.
Really read
n - a scroll labeled YGROKA ECROKUM {!r}?
As you read the scroll labeled YGROKA ECROKUM {!r}, it crumbles to dust.
You hear a loud clanging noise!
It was a scroll of noise {!r}.
You die...

#.
.##
..
..
.###
..#
#.#
#♣#
#†#
#.#
#.#
..#
###


There were no monsters in sight!

Vanquished Creatures
  An adder (D:2)
  A worm (D:2)
  A dart slug (D:1)
  A giant cockroach (D:1)
  2 goblins (D:1)
  8 hobgoblins
  7 jackals
  A quokka (D:3)
  A ball python (D:1)
  2 frilled lizards (D:1)
  2 rats
27 creatures vanquished.

Notes
Turn   | Place    | Note
-------+----------+-------------------------------------------
     0 | D:1      | Amnesiac the Vine Stalker Earth Elementalist began the
                  | quest for the Orb.
     0 | D:1      | Reached XP level 1. HP: 9/9 MP: 4/4
   193 | D:1      | Reached XP level 2. HP: 3/13 MP: 2/6
   198 | D:1      | Learned a level 2 spell: Passwall
   824 | D:2      | Reached XP level 3. HP: 13/16 MP: 5/8
  1094 | D:2      | You fall into a shaft and drop 1 floor!
  1121 | D:2      | Reached skill level 1 in Short Blades
  1123 | D:2      | HP: 1/24 [poisoned by an adder]
  1126 | D:2      | Succumbed to an adder's poison

Illustrated notes

Levels and vault maps discovered:
D:1:      tarquinn_simple_flora_water_a, layout_rooms, minivault_24,
          dk_noncrumbling_4, minmay_misc_feat_x
D:2:      layout_loops_ring
D:3:      layout_rooms, kennysheep_decorative_pillar, minmay_between

Skill      XL: |  1  2  3 |
---------------+----------+-----
Stealth        | 3 |  3.0
Spellcasting   | 3 |  3.0
Short Blades   | 1 |  1.1
Dodging        | |  1.5
Transmutations | |  1.9
Earth Magic    | |  3.0

Action                   || total
-------------------------++-------
Melee: Dagger            ||    75
       Bite              ||     8
 Cast: Sandblast         ||    24
  Use: Potion            ||     2
       Scroll            ||     1
 Stab: Sleeping          ||     2
  Eat: Chunk             ||     1
Armor: Robe              ||    12
Dodge: Dodged            ||    58

Table legend:
 A = Non-vault XP
 B = Vault XP
 C = Vault XP percentage of total XP
 D = Non-vault monster count
 E = Vault monster count
 F = Vault count percentage of total count
                 A         B        C        D         E       F
            +---------+---------+-------+---------+---------+-------
      Total |      65 |       0 |   0.0 |      27 |       0 |   0.0
            +---------+---------+-------+---------+---------+-------
        D:1 |      32 |       0 |   0.0 |      17 |       0 |   0.0
        D:2 |      30 |       0 |   0.0 |       8 |       0 |   0.0
        D:3 |       3 |       0 |   0.0 |       2 |       0 |   0.0
            +---------+---------+-------+---------+---------+-------
